 Dungeon Crawl Stone Soup version 0.30-a0-1014-g3371b13838 (webtiles) character file.

Game seed: 18089358595715744036

7115 MacCMillion the Fighter (level 11, -12/89 HPs)
             Began as a Djinni Conjurer on Apr 6, 2023.
             Was an Elder of Ashenzari.
             Engulfed by a cloud of freezing vapour (33 damage)
             ... on level 7 of the Dungeon.
             The game lasted 00:27:04 (10252 turns).

MacCMillion the Fighter (Djinni Conjurer)          Turns: 10252, Time: 00:27:04

Health: -12/89     AC:  4    Str:  6    XL:     11   Next: 31%
Gold:   545        EV: 17    Int: 29    God:    Ashenzari [****..] SH:  6 Dex: 19

rFire   + + .      SeeInvis +    s - +2 dagger of Ashenzari's Ethics {venom, Range, Melee} (curse)
rCold   x . .      Faith    .    g - +0 buckler of Ashenzari's Urgency {Evo, Range} (curse)
rNeg    . . .      Spirit   .    a - +0 robe "Ensconced Together" {Cun, Range} (curse)
rPois   ∞          Reflect  .    h - +0 hat of Star-Bound Wisdom {Range, Self} (curse)
rElec   .          Rampage  .    c - +0 cloak of the Fated Mistrust {Range, Fort} (curse)
rCorr   .          Clarity  +    b - +0 pair of gloves of the Fated Secrets {Cun, Range} (curse)
Will    +....                    (boots unavailable)
Stlth   +++                      q - amulet of regeneration
HPRegen 1.14/turn                D - +6 ring of dexterity
MPRegen 0.00/turn                H - +6 ring of intelligence

@: flying
A: sickness immunity, fire resistance 2, cold vulnerability 1, float, innate
caster, HP casting, extra vitality 1
a: Renounce Religion, Shatter the Chains


You were on level 7 of the Dungeon.
You worshipped Ashenzari.
Ashenzari was greatly pleased with you.
You visited 2 branches of the dungeon, and saw 10 of its levels.
You also visited: Sewer and Bailey.

You collected 545 gold pieces.

Inventory:

Hand Weapons
 s - the cursed +2 dagger of Ashenzari's Ethics (weapon) {venom, Range, Melee}
   (You took it off a goblin on level 3 of the Dungeon)

   It has a curse which improves the following skills: Ranged Combat: Ranged
   Weapons and Throwing.
   Melee Combat: Short Blades, Long Blades, Axes, Maces & Flails, Polearms,
   Staves and Unarmed Combat.
Armour
 a - the cursed +0 robe "Ensconced Together" (worn) {Cun, Range}

   It has a curse which improves the following skills: Cunning: Dodging and
   Stealth.
   Ranged Combat: Ranged Weapons and Throwing.
 b - the cursed +0 pair of gloves of the Fated Secrets (worn) {Cun, Range}
   (You found it on level 1 of the Dungeon)

   It has a curse which improves the following skills: Cunning: Dodging and
   Stealth.
   Ranged Combat: Ranged Weapons and Throwing.
 c - the cursed +0 cloak of the Fated Mistrust (worn) {Range, Fort}
   (You found it on level 8 of the Dungeon)

   It has a curse which improves the following skills: Ranged Combat: Ranged
   Weapons and Throwing.
   Fortitude: Armour and Shields.
 g - the cursed +0 buckler of Ashenzari's Urgency (worn) {Evo, Range}
   (You found it on level 2 of the Dungeon)

   It has a curse which improves the following skills: Evocations: Evocations.
   Ranged Combat: Ranged Weapons and Throwing.
 h - the cursed +0 hat of Star-Bound Wisdom (worn) {Range, Self}
   (You found it on level 2 of the Dungeon)

   It has a curse which improves the following skills: Ranged Combat: Ranged
   Weapons and Throwing.
   Introspection: Fighting and Spellcasting.
 E - a +0 pair of gloves of hurling
 F - the +5 tower shield "Peqikasi" {rC+ Str+4}
   (You found it in a bailey)

   Str:       It affects your strength (+4).
   rC:        It protects you from cold.
Jewellery
 q - an amulet of regeneration (around neck)
 v - an amulet of the acrobat
 w - a ring of protection from fire
 D - a +6 ring of dexterity (left hand)
 H - a +6 ring of intelligence (right hand)
Wands
 r - a wand of quicksilver (6)
 x - a wand of flame (30)
 I - a wand of mindburst (13)
Scrolls
 i - 2 scrolls of fear
 j - 2 scrolls of teleportation
 k - 4 scrolls of fog
 t - a scroll of blinking
 y - 2 scrolls of summoning
 C - a scroll of magic mapping
 J - a scroll of enchant armour
Potions
 d - a potion of ambrosia
 e - 4 potions of brilliance
 f - 2 potions of curing
 l - 3 potions of degeneration
 m - 4 potions of heal wounds
 n - 3 potions of mutation
 o - 3 potions of flight
 p - 2 potions of might
 u - 4 potions of resistance
 z - a potion of lignification
 A - a potion of berserk rage
 B - a potion of invisibility
 G - a potion of haste


   Skills:
 + Level 9.8(11.6) Fighting
 + Level 6.2(9.0) Dodging
 - Level 1.6(3.4) Stealth
 - Level 4.0(5.7) Shields
 * Level 9.7(11.5) Spellcasting


You knew the following spells:

 Your Spells              Type           Power      Damage    Failure   Level
a - Magic Dart            Conj           100%       1d8       1%          1
b - Searing Ray           Conj           100%       2d8       1%          2
c - Dazzling Flash        Conj/Hex       100%       N/A       1%          3
d - Fulminant Prism       Conj/Hex       35%        3d17      1%          4
e - Iskenderun's Mystic   Conj/Tloc      71%        2d14      1%          4
f - Freeze                Ice            100%       1d10      1%          1
g - Blink                 Tloc           100%       N/A       1%          2
h - Ignite Poison         Fire/Tmut/Pois 71%        N/A       1%          3
i - Gell's Gravitas       Tloc           71%        N/A       1%          3
j - Animate Dead          Necr           71%        N/A       1%          4
Your spell library was empty.

Dungeon Overview and Level Annotations

Branches:
Dungeon (9/15)             Temple (1/1) D:4            Lair (0/5) D:8
    Orc (0/2) D:9           Sewer (visited)          Bailey (visited)

Altars:
Ashenzari
Dithmenos
Gozag
Hepliaklqana
Makhleb
Nemelex Xobeh
Okawaru
Qazlal
Trog
Wu Jian
Xom
Yredelemnul
Zin
The Shining One

Shops:
D:5 (

Annotations:
D:3 Sigmund
D:6 Dowan, Duvessa, Maggie
D:7 1 transporter
D:8 exclusion: two-headed ogre
D:9 2 runed translucent doors


Innate Abilities, Weirdness & Mutations

You are immune to sickness and miasma.
You are immune to poison.
Your flesh is very heat resistant. (rF++)
You are vulnerable to cold. (rC-)
You float through the air rather than walking.
You learn spells naturally, not from books.
Your magical power is your life essence.
You have superior vitality. (+4 MHP)


Message History

You feel a terrible chill!
The centaur warrior simulacrum kicks you but does no damage.
The ice beast hits your fulminant prism.
The ice beast freezes your fulminant prism.
Your fulminant prism resists.
Your fulminant prism crackles loudly.
The centaur warrior simulacrum attacks as you move away!
The centaur warrior simulacrum barely misses you.
The centaur warrior simulacrum kicks you but does no damage.
Your fulminant prism explodes!
The blast of energy engulfs the ice beast!!
The ice beast is almost dead.
The blast of energy engulfs the ice beast!!
You kill the ice beast!
The blast of energy engulfs the centaur warrior simulacrum!!!
The centaur warrior simulacrum vaporises!
There is a transporter landing site here.
The magic dart hits the ice beast!
You kill the ice beast!
Casting: Magic Dart (safe; 1% risk of failure)
Confirm with . or Enter, or press ? or * to list all spells.
Aiming: Fulminant Prism (safe; 1% risk of failure)
Press: ? - help, Dir - move target You conjure a prism of explosive energy!
A fulminant prism comes into view.
Your fulminant prism crackles loudly.
Your fulminant prism explodes!
The blast of energy engulfs the ice beast!!
You kill the ice beast!
You start resting.
HP restored.
Really fly into a travel-excluded area?
You are engulfed in freezing vapours.
There is an open gate here.
You are engulfed in freezing vapours.
Really fly into that cloud of freezing vapour?
You are engulfed in freezing vapours.
* * * LOW HITPOINT WARNING * * *
You are engulfed in freezing vapours.
You die...

#.# #####.#....# #.### #.#
#.#.#### #.... #.# #.#.#
##[### #.########...#
#.....
#.##☼○.☼○##########....
##.##○○°○☼#○○☼○○°# ##...
#..##☼°○°○#°○°○.○######.
#...#$$°○☼°.#.#.○#..###.
####..©#©$@☼°○...©○○#©.....
#......#?[○○○○.#.#☼○#..#.##
#.....##○☼○°○#☼○°☼°.#..#...
#.....##○°☼○○#○○°○○○#######
#####.##○○○○○#########....[
#.########.....)......[
#......†...###...#<####
####.#.######.....)[.##
#######.#.# ##.≈≈)≈≈...#


There were no monsters in sight!

Vanquished Creatures
  A two-headed ogre (D:9)
  Amaemon (D:8)
  An orc knight (Bailey)
  A deep elf pyromancer (Bailey)
  An orange demon (D:8)
  Grinder (Sewer)
  2 centaur simulacra (D:7)
  2 wyverns (D:9)
  Eustachio (D:4)
  Menkaure (D:6)
  An acid dragon (D:7)
  4 ice beasts
  A black bear (D:5)
  6 orc warriors
  2 ogres
  2 centaurs
  2 kobold brigands
  2 bullfrogs
  5 scorpions
  11 wights
  8 killer bees (D:9)
  A howler monkey (D:9)
  3 hounds
  2 quasits (Sewer)
  6 orc priests
  2 iguanas (D:5)
  8 orc wizards
  Robin (D:2)
  12 adders
  3 river rats (D:6)
  An ufetubus (D:5)
  5 worms
  3 dart slugs
  28 orcs
  8 endoplasms
  3 giant cockroaches
  9 hobgoblins
  6 jackals
  6 quokkas
  7 ball pythons
  9 bats
  6 frilled lizards
  23 goblins
  28 kobolds
  A kobold zombie (Sewer)
  8 rats
245 creatures vanquished.

Vanquished Creatures (others)
  A ghoul (D:1)
  A minotaur (D:1)
  A demonspawn (D:1)
  2 vine stalkers (D:1)
  A troll (D:1)
  A merfolk (D:1)
  A formicid (D:1)
  2 mummies (D:1)
  A gnoll (D:1)
  A shadow imp (Sewer)
  An adder zombie (Sewer)
  A giant cockroach zombie (Sewer)
  A kobold (D:1)
  2 kobold zombies (Sewer)
  49 fulminant prisms
  8 tentacles (D:1)
74 creatures vanquished.

Grand Total: 319 creatures vanquished

Notes
Turn   | Place    | Note
-------+----------+-------------------------------------------
     0 | D:1      | MacCMillion the Djinni Conjurer began the quest for the
                  | Orb.
     0 | D:1      | MacCMillion set off with the following spells memorised:
                  | Magic Dart, Searing Ray, Dazzling Flash, Fulminant Prism,
                  | Iskenderun's Mystic Blast.
     0 | D:1      | Reached XP level 1. HP: 15/15 MP: 0/0
     0 | D:1      | Noticed a vine stalker
     0 | D:1      | Noticed a ghoul
     0 | D:1      | Noticed a demonspawn
     0 | D:1      | Noticed a troll
     0 | D:1      | Noticed a kraken
     0 | D:1      | Noticed a formicid
     0 | D:1      | Noticed a minotaur
     0 | D:1      | Noticed a vine stalker
     0 | D:1      | Noticed a merfolk
     4 | D:1      | Killed a troll
     4 | D:1      | Killed a formicid
     6 | D:1      | Killed a vine stalker
     7 | D:1      | Killed a minotaur
    10 | D:1      | Killed a demonspawn
    11 | D:1      | Killed a merfolk
    11 | D:1      | Killed a vine stalker
    14 | D:1      | Killed a ghoul
    79 | D:1      | Reached XP level 2. HP: 18/21 MP: 0/0
   191 | D:1      | Found a faded altar of an unknown god.
   497 | D:1      | Reached XP level 3. HP: 24/26 MP: 0/0
   497 | D:1      | Learned a level 1 spell: Freeze
   820 | D:2      | Noticed Robin
   823 | D:2      | Reached skill level 1 in Fighting
  1250 | D:2      | Reached XP level 4. HP: 25/32 MP: 0/0
  1258 | D:2      | Killed Robin
  1854 | D:3      | Reached XP level 5. HP: 37/38 MP: 0/0
  1854 | D:3      | Learned a level 2 spell: Blink
  2338 | D:3      | Noticed Sigmund
  3011 | D:4      | Noticed Eustachio
  3020 | D:4      | Killed Eustachio
  3021 | D:4      | Reached skill level 5 in Spellcasting
  3021 | D:4      | Reached XP level 6. HP: 37/46 MP: 0/0
  3225 | D:4      | Found a staircase to the Ecumenical Temple.
  3235 | Temple   | Entered the Ecumenical Temple
  3259 | Temple   | Became a worshipper of Ashenzari the Shackled
  3574 | D:4      | Found a stormy altar of Qazlal.
  3634 | D:4      | Reached XP level 7. HP: 40/50 MP: 0/0
  3634 | D:4      | Learned a level 3 spell: Ignite Poison
  3844 | D:4      | Found a burning altar of Makhleb.
  3925 | D:5      | Entered Level 5 of the Dungeon
  4112 | D:5      | Found an opulent altar of Gozag.
  4112 | D:5      | Found a glowing silver altar of Zin.
  4373 | D:5      | Reached XP level 8. HP: 42/58 MP: 0/0
  4491 | D:5      | Reached * piety under Ashenzari
  4511 | D:5      | Found Wasefoek's Weapon Boutique.
  4864 | D:5      | Reached skill level 5 in Fighting
  5379 | D:6      | Noticed Duvessa
  5380 | D:6      | Noticed Dowan
  5437 | D:6      | Noticed Menkaure
  5440 | D:6      | Killed Menkaure
  5550 | D:6      | Noticed Maggie
  5843 | D:6      | Reached XP level 9. HP: 62/67 MP: 0/0
  5843 | D:6      | Learned a level 3 spell: Gell's Gravitas
  5863 | D:6      | Reached ** piety under Ashenzari
  5865 | D:6      | Found a glowing drain.
  5873 | Sewer    | Entered a sewer
  6026 | Sewer    | Found a burning altar of Makhleb.
  6226 | Sewer    | Noticed Grinder
  6249 | Sewer    | Killed Grinder
  6528 | D:7      | Found a flagged portal.
  6553 | D:6      | Found a shimmering altar of Xom.
  6894 | Bailey   | Entered a bailey
  6952 | Bailey   | Reached skill level 1 in Shields
  7220 | Bailey   | Noticed an orc knight
  7237 | Bailey   | Killed an orc knight
  7305 | Bailey   | Found a large runed translucent door.
  7305 | Bailey   | Found a large runed translucent door.
  7306 | Bailey   | Noticed a deep elf pyromancer
  7307 | Bailey   | Identified the +5 tower shield "Peqikasi" {rC+ Str+4}
  7339 | Bailey   | Killed a deep elf pyromancer
  7340 | Bailey   | Reached XP level 10. HP: 63/77 MP: 0/0
  7535 | D:7      | Reached *** piety under Ashenzari
  7564 | D:7      | Found a transporter.
  7616 | D:7      | Reached skill level 5 in Dodging
  7675 | D:7      | Found a transporter.
  8206 | D:8      | Noticed a two-headed ogre
  8483 | D:8      | Noticed an orange demon
  8489 | D:8      | Noticed Amaemon
  8505 | D:8      | Killed Amaemon
  8505 | D:8      | Killed an orange demon
  8689 | D:8      | Found a staircase to the Lair.
  9280 | D:9      | Reached **** piety under Ashenzari
  9352 | D:9      | Noticed a two-headed ogre
  9363 | D:9      | Killed a two-headed ogre
  9564 | D:9      | Found a large runed translucent door.
  9569 | D:9      | Found a large runed translucent door.
  9588 | D:9      | Found a staircase to the Orcish Mines.
  9595 | D:9      | Reached XP level 11. HP: 81/87 MP: 0/0
  9595 | D:9      | Learned a level 4 spell: Animate Dead
 10252 | D:7      | Engulfed by a cloud of freezing vapour

Illustrated notes

Levels and vault maps discovered:
D:1:      nicolae_arrival_kraken_aquarium_a, layout_basic,
          nicolae_ecumenical_snake_handling, serial_park_tiny_1,
          hangedman_decor_slide_cut
D:2:      layout_rooms, minmay_misc_feat_diagonals, minivault_26,
          minmay_fractal_squares_5, uniq_robin
D:3:      layout_basic, serial_rivers, chequers_serial_rivers_marsh,
          chequers_serial_rivers_marsh, chequers_serial_rivers_micro_a,
          chequers_serial_rivers_micro_c, uniq_sigmund
D:4:      layout_cave_pools, lemuel_round_altar,
          mainiacjoe_overflow_concentric_impassable, temple_fountains,
          serial_forest, infiniplex_forest_lined_2,
          infiniplex_forest_clump_double, infiniplex_forest_lined_4_way,
          infiniplex_forest_lined_2, infiniplex_forest_corner_2, uniq_eustachio
D:5:      layout_loops_corners, grunt_temple_overflow_gold_and_silver,
          serial_shops, nicolae_shop_hallway_stairs, minivault_4
D:6:      minmay_spotlight, layout_rooms, brannock_xom_greatest_gift,
          lightli_sewer_entry_pipes, roderic_serpentine_path, nrook_campfire,
          uniq_maggie, uniq_menkaure, uniq_duvessa
D:7:      gammafunk_cloud_chamber, layout_basic, enter_bailey_5,
          corexii_leaking_fountain
D:8:      layout_loops_ring, lair_entry_dummy, uniq_amaemon
D:9:      layout_basic, jmf_multi_god_temple2, minmay_orc_entry_temple_small,
          hex_medium, minmay_misc_feat_secret_circle, minmay_alternating_orb
Temple:   nicolae_temple_superstar

Skill      XL: |  1  2  3  4  5  6  7  8  9 10 11 |
---------------+----------------------------------+-----
Fighting       | 1 3 4 5 7 9 |  9.8
Spellcasting   | 4 5 6 7 8 9 |  9.7
Shields        | 3 4 |  4.0
Dodging        | 4 5 6 |  6.2
Stealth        | |  1.6

Action                     |  1- 3 |  4- 6 |  7- 9 | 10-12 || total
---------------------------+-------+-------+-------+-------++-------
  Melee: Unarmed           |     1 |     1 |       |       ||     2
   Cast: Magic Dart        |    74 |   116 |   178 |    69 ||   437
         Searing Ray       |     1 |    11 |    29 |     8 ||    49
         Fulminant Prism   |       |       |    14 |    35 ||    49
         Iskenderun's Myst |       |       |       |     1 ||     1
 Invoke: Curse Item        |       |       |     3 |     3 ||     6
    Use: Scroll            |       |       |     1 |       ||     1
 Armour: Robe              |     6 |     5 |     5 |     4 ||    20
  Dodge: Dodged            |     8 |    27 |    43 |    19 ||    97
  Block: Buckler           |       |       |       |     2 ||     2

Table legend: (Time is in decaauts)
 A = Elapsed time spent in this place.
 B = Non-inter-level travel time spent in this place.
 C = Inter-level travel time spent in this place.
 D = Time resting spent in this place.
 E = Time spent auto-exploring this place.
 F = Levels seen in this place.
 G = Mean time per level.
                   A        B        C        D        E       F      G
               +--------+--------+--------+--------+--------+-----+--------+
         Total |  10258 |   9710 |    548 |   2985 |   4989 |  12 |  854.8 |
       Dungeon |   9004 |   8456 |    548 |   2473 |   4768 |   9 | 1000.4 |
        Temple |     73 |     73 |      0 |      0 |     45 |   1 |   73.0 |
         Sewer |    604 |    604 |      0 |    196 |    115 |   1 |  604.0 |
        Bailey |    576 |    576 |      0 |    316 |     61 |   1 |  576.0 |
               +--------+--------+--------+--------+--------+-----+--------+

Top non-repeatable levels by time:
     D:5: 1728 daAuts
     D:1: 1329 daAuts
     D:9: 1105 daAuts
     D:3: 1050 daAuts
     D:8: 917 daAuts
     D:2: 854 daAuts
     D:7: 822 daAuts
     D:4: 624 daAuts
   Sewer: 604 daAuts
  Bailey: 576 daAuts
     D:6: 570 daAuts
  Temple: 73 daAuts
